 Dungeon Crawl Stone Soup version 0.26-a0-652-gafc20e3620 (webtiles) character file.

Game seed: 5622043812212266879

(classic levelgen) 1643344 EnegeticOcto the Slayer (level 26, 340/343 HPs)
             Began as an Ogre Gladiator on Oct 1, 2020.
             Was the Champion of Ru.
             Escaped with the Orb
             ... and 3 runes!
             The game lasted 01:32:28 (68479 turns).

EnegeticOcto the Slayer (Ogre Gladiator)           Turns: 68479, Time: 01:32:29

Health: 340/343    AC: 25    Str: 28    XL:     26   Next: 67%
Magic:  23/23      EV:  6    Int:  9    God:    Ru [******]
Gold:   3685       SH: 23    Dex: 17    Spells: 25/25 levels left

rFire    + + .     SeeInvis .   v - +10 morningstar "Eos" {elec, Halo rElec}
rCold    + + .     Faith    .   C - +2 tower shield
rNeg     . . .     Spirit   +   W - +6 gold dragon scales
rPois    +         Reflect  .   c - +2 hat
rElec    +         Harm     .   t - scarf {rC+ rF+}
rCorr    +         Rampage  .   (gloves unavailable)
MR       ++...                  (boots unavailable)
Stlth    ..........             e - amulet "Acwuqu" {Spirit +Blink MR+}
HPRegen  0.67/turn              f - +4 ring of protection {=R}
MPRegen  0.18/turn              Y - ring of resist corrosion

@: glowing, drained
A: large, unfitting armour, robust 1, strong 1, tough skin 1, hated by all,
inability to train armour, no fire magic, no translocations magic, no
transmutations magic, magic vulnerability 1, unskilled 1
0: Orb of Zot
}: 3/15 runes: decaying, slimy, gossamer
a: Draw Out Power, Power Leap, Apocalypse, Renounce Religion, Evoke Blink


You escaped.
You worshipped Ru.
Ru was exalted by your worship.
You visited 10 branches of the dungeon, and saw 53 of its levels.
You also visited: Ice Cave.

You collected 9373 gold pieces.
You spent 5688 gold pieces at shops.

Inventory:

Hand Weapons
 v - the +10 morningstar "Eos" (weapon) {elec, Halo rElec}
   (You bought it in a shop on level 2 of the Orcish Mines)

   Occasionally, upon striking a foe, it will discharge some electrical energy
   and cause terrible harm.
   It insulates you from electricity.
 P - a -2 spear of distortion
Missiles
 d - a throwing net (quivered) {!f}
 p - 16 silver javelins
 r - 11 boomerangs
 x - 78 large rocks
 H - 2 silver boomerangs
 O - 2 curare-tipped darts
Armour
 c - a +2 hat (worn)
 t - a scarf of resistance (worn)
 C - a +2 tower shield (worn)
 W - +6 gold dragon scales (worn)
Jewellery
 e - the amulet "Acwuqu" (around neck) {Spirit +Blink MR+}
   (You bought it in a shop on level 2 of the Depths)

   [amulet of guardian spirit]

   It causes incoming damage to be split between your health and magic.
   It affects your resistance to hostile enchantments.
   It lets you blink.
 f - a +4 ring of protection (left hand) {=R}
 g - an uncursed ring of positive energy
 u - an uncursed ring of protection from magic
 B - an uncursed ring of protection from fire
 Y - a ring of resist corrosion (right hand)
Wands
 E - a wand of digging (27) {@v3}
 G - a wand of iceblast (60) {@v2}
 J - a wand of disintegration (50)
 R - a wand of acid (35) {@v1}
 U - a wand of polymorph (48)
 V - a wand of paralysis (84)
Scrolls
 a - 4 scrolls of blinking {@r4}
 b - a scroll of magic mapping {@r5 !r}
 w - 2 scrolls of silence
 y - 16 scrolls of fog {!r}
 D - 3 scrolls of vulnerability
 F - 17 scrolls of teleportation {@r3 !r}
 I - 3 scrolls of immolation
 K - 24 scrolls of identify {@r1}
 N - 5 scrolls of holy word
 T - 4 scrolls of fear {!r}
Potions
 i - 16 potions of curing {@q1 !q}
 j - 7 potions of ambrosia
 k - 4 potions of haste {@q4 !q}
 l - 7 potions of resistance
 m - 5 potions of heal wounds {@q2 !q}
 n - a potion of berserk rage
 o - 14 potions of flight
 q - 5 potions of mutation
 s - 10 potions of lignification {@q6}
 z - 3 potions of magic
 A - 2 potions of cancellation
 L - 10 potions of might {@q3 !q}
Miscellaneous
 M - a phial of floods
 S - a condenser vane (2/2)
 X - a lightning rod (3/4)
 Z - a tin of tremorstones (3/3)


   Skills:
 + Level 26.8(25.6) Fighting
 - Level 16.0(15.0) Maces & Flails
 + Level 19.5(18.5) Throwing
 - Level 10.0(9.1) Dodging
 - Level 15.0(14.0) Shields
 + Level 14.0(13.1) Evocations


You had 25 spell levels left.
You didn't know any spells.
Your spell library contained the following spells:

 Spells                   Type           Power        Failure   Level
 Corona                   Hex            #......      100%        1
 Freeze                   Ice            #...         100%        1
 Magic Dart               Conj           #...         100%        1
 Corpse Rot               Necr/Air       N/A          100%        2
 Poisonous Vapours        Pois/Air       #.....       100%        2
 Slow                     Hex            #.......     100%        2
 Sublimation of Blood     Necr           #.........   100%        2
 Confusing Touch          Hex            #.......     100%        3
 Frozen Ramparts          Ice            #.....       100%        3
 Mephitic Cloud           Conj/Pois/Air  #.......     100%        3
 Ozocubu's Armour         Ice            #.......     100%        3
 Dispel Undead            Necr           #.......     100%        4
 Hailstorm                Conj/Ice       #.......     100%        4
 Leda's Liquefaction      Hex/Erth       #.........   100%        4
 Olgreb's Toxic Radiance  Pois           #.......     100%        4
 Agony                    Necr           #.......     100%        5
 Borgnjor's Vile Clutch   Necr/Erth      #.........   100%        5
 Excruciating Wounds      Necr           #.........   100%        5
 Iskenderun's Battlesphe  Conj           #.......     100%        5
 Metabolic Englaciation   Hex/Ice        #.........   100%        5
 Freezing Cloud           Conj/Ice/Air   #.........   100%        6
 Iron Shot                Conj/Erth      #.........   100%        6
 Orb of Destruction       Conj           #.........   100%        7
 Shatter                  Erth           #.........   100%        9
 Animate Skeleton         Necr           Unusable     N/A         1
 Apportation              Tloc           Unusable     N/A         1
 Foxfire                  Conj/Fire      Unusable     N/A         1
 Sting                    Tmut/Pois      Unusable     N/A         1
 Summon Small Mammal      Summ           Unusable     N/A         1
 Blink                    Tloc           Unusable     N/A         2
 Call Imp                 Summ           Unusable     N/A         2
 Call Canine Familiar     Summ           Unusable     N/A         3
 Conjure Flame            Conj/Fire      Unusable     N/A         3
 Gell's Gravitas          Tloc           Unusable     N/A         3
 Ignite Poison            Fire/Tmut/Pois Unusable     N/A         3
 Inner Flame              Hex/Fire       Unusable     N/A         3
 Lesser Beckoning         Tloc           Unusable     N/A         3
 Summon Guardian Golem    Hex/Summ       Unusable     N/A         3
 Teleport Other           Tloc           Unusable     N/A         3
 Tukima's Dance           Hex            Unusable     N/A         3
 Animate Dead             Necr           Unusable     N/A         4
 Passage of Golubria      Tloc           Unusable     N/A         4
 Sticky Flame             Conj/Fire      Unusable     N/A         4
 Summon Ice Beast         Ice/Summ       Unusable     N/A         4
 Summon Lightning Spire   Summ/Air       Unusable     N/A         4
 Alistair's Intoxication  Tmut/Pois      Unusable     N/A         5
 Bolt of Magma            Conj/Fire/Erth Unusable     N/A         5
 Fireball                 Conj/Fire      Unusable     N/A         5
 Summon Demon             Summ           Unusable     N/A         5
 Summon Forest            Summ/Tloc      Unusable     N/A         5
 Summon Mana Viper        Hex/Summ       Unusable     N/A         5
 Death Channel            Necr           Unusable     N/A         6
 Shadow Creatures         Summ           Unusable     N/A         6
 Simulacrum               Ice/Necr       Unusable     N/A         6
 Starburst                Conj/Fire      Unusable     N/A         6
 Statue Form              Tmut/Erth      Unusable     N/A         6
 Spellforged Servitor     Conj/Summ      Unusable     N/A         7
 Summon Hydra             Summ           Unusable     N/A         7
 Disjunction              Tloc           Unusable     N/A         8
 Ignition                 Fire           Unusable     N/A         8

Dungeon Overview and Level Annotations

Branches:
Dungeon (15/15)            Temple (0/1) D:6            Lair (6/6) D:8
  Swamp (4/4) Lair:4       Spider (4/4) Lair:2        Slime (5/5) Lair:6
    Orc (2/2) D:12            Elf (3/3) Orc:2        Vaults (4/5) D:13
  Crypt (0/3) Vaults:3     Depths (5/5) D:15            Zot (5/5) Depths:5
  IceCv (visited)

Altars:
Cheibriados
Elyvilon
Fedhas
Gozag
Hepliaklqana
Kikubaaqudgha
Ru
Sif Muna
Uskayaw
Wu Jian
Xom
Yredelemnul
Beogh
Jiyva

Shops:
D:9 [!(!*   Orc:2 ?([(   Elf:3 (   Vaults:1 (   Depths:1 }   Depths:2 }}=

Portals:
Hell: Depths:1 Depths:2 Depths:3 Depths:4 Depths:5
Abyss: Depths:3 Depths:4 Depths:5
Pandemonium: Depths:3 Depths:4
Ziggurat: Depths:2

Annotations:
D:3 1 runed translucent door, Crazy Yiuf
Lair:5 exclusion: 2 oklob plants
Spider:1 1 runed translucent door, Asoiz's ghost, adept TeMo
Elf:2 4 runed translucent doors
Zot:3 exclusion: 4 upstairs
Zot:5 exclusions: obsidian statue, orange crystal statue and 1 more exclusion
Abyss:1 Sonja


Innate Abilities, Weirdness & Mutations

You are too large for most types of armour.
You have tough skin. (AC +1)
You are hated by all.
You cannot train Armour skill.
You cannot study or cast Fire magic.
You cannot study or cast Translocations magic.
You cannot study or cast Transmutations magic.
You are slightly vulnerable to magic. (MR-)
You are somewhat unskilled. (-1 Apt)
You are robust. (+10% HP)
Your muscles are strong. (Str +2)


Message History

The monstrous demonspawn is moderately wounded.
You block the monstrous demonspawn's attack.
The monstrous demonspawn claws you.
You block the monstrous demonspawn's attack.
The monstrous demonspawn hits you but does no damage.
The monstrous demonspawn claws you!
You focus your will and paralyse the monstrous demonspawn in retribution!
The monstrous demonspawn barely misses you.
The helpless monstrous demonspawn fails to defend itself.
You impale the monstrous demonspawn!!
Lightning courses through the monstrous demonspawn!!
The monstrous demonspawn is heavily wounded.
The monstrous demonspawn is stunned by your will and fails to attack.
The helpless monstrous demonspawn fails to defend itself.
You sock the monstrous demonspawn!
The monstrous demonspawn is severely wounded.
The monstrous demonspawn is stunned by your will and fails to attack.
The helpless monstrous demonspawn fails to defend itself.
You puncture the monstrous demonspawn!
Lightning courses through the monstrous demonspawn!
The monstrous demonspawn is almost dead.
The monstrous demonspawn is no longer blind.
The helpless monstrous demonspawn fails to defend itself.
You puncture the monstrous demonspawn!
You kill the monstrous demonspawn!
You block the monstrous demonspawn's attack.
The monstrous demonspawn claws you but does no damage.
The monstrous demonspawn gores you!
You bludgeon the monstrous demonspawn!!
The monstrous demonspawn is heavily wounded.
You block the monstrous demonspawn's attack.
The monstrous demonspawn claws you but does no damage.
You block the monstrous demonspawn's attack.
You bludgeon the monstrous demonspawn!!
The monstrous demonspawn is severely wounded.
You block the monstrous demonspawn's attack. x3
You puncture the monstrous demonspawn!
The monstrous demonspawn is almost dead.
The monstrous demonspawn hits you but does no damage.
You block the monstrous demonspawn's attack. x2
You thump the monstrous demonspawn!
You kill the monstrous demonspawn!
No target in view!
(D) Dungeon (T) Temple (L) Lair (S) Swamp (N) Spider Nest (M) Slime Pits (O) Orcish Mines (E) Elven Halls (V) Vaults (C) Crypt (U) Depths (H) Hell (Z) Zot
Where to? (Enter - D:1 @ (x,y), ? - help)
You see here a +0 scale mail.
An Orb Guardian comes into view.
The Orb Guardian falls through a shaft!
The shaft crumbles and collapses.
(D) Dungeon (T) Temple (L) Lair (S) Swamp (N) Spider Nest (M) Slime Pits (O) Orcish Mines (E) Elven Halls (V) Vaults (C) Crypt (U) Depths (H) Hell (Z) Zot
Where to? (Enter - D:1 @ (x,y), ? - help)
A demonic crawler comes into view.
The demonic crawler hits you but does no damage. x2
You block the demonic crawler's attack. You block the demonic crawler's attack.
The demonic crawler hits you.
You block the demonic crawler's attack. x2
The demonic crawler hits you but does no damage.
The demonic crawler barely misses you. The demonic crawler hits you.
The demonic crawler hits you but does no damage.
You block the demonic crawler's attack.
You impale the demonic crawler!!
The demonic crawler is heavily wounded.
You block the demonic crawler's attack. x2
The demonic crawler hits you but does no damage.
There is a stone staircase leading up here.
You barely miss the demonic crawler.
The demonic crawler is heavily wounded.
The demonic crawler is stunned by your will and fails to attack.
You puncture the demonic crawler!
The demonic crawler is heavily wounded.
You redirect the demonic crawler's attack!
The demonic crawler hits itself but does no damage.
The demonic crawler hits itself.
The demonic crawler hits itself but does no damage.
You thump the demonic crawler!
The demonic crawler is almost dead.
You block the demonic crawler's attack.
The demonic crawler hits you but does no damage. x2
You bludgeon the demonic crawler!!
You kill the demonic crawler!
No target in view!
(D) Dungeon (T) Temple (L) Lair (S) Swamp (N) Spider Nest (M) Slime Pits (O) Orcish Mines (E) Elven Halls (V) Vaults (C) Crypt (U) Depths (H) Hell (Z) Zot
Where to? (Enter - D:1 @ (x,y), ? - help)
You climb upwards.
There is a stone staircase leading down here.
There is a stone staircase leading up here.
You climb upwards.
There is a stone staircase leading down, spattered with blood here.
You see here a scale mail.
There is a staircase leading out of the dungeon here.
You have escaped!

#.##...............'.#.........#
#.##...............###.....#####
#.######...###.....#.#.....# #
#.####.....................## #
#......).#################..####
#####..>.###.###.#.#####.##.....
#..)..##..#..###.....###.[###
#....##........##.)...###...+
#....###....@....#.....######
#.[...###.#.......#.....# #
#####.# ######..........## #.##
###....[....# #####..##
#.........# #.......#
####......## #.......###
#####...# #........(########
##..# #####.###...##...## ###..#


There were no monsters in sight!

Vanquished Creatures
  the Royal Jelly (Slime:5)
  2 orbs of fire (Zot:3)
  Mara (Elf:3)
  An ancient lich (Depths:3)
  2 juggernauts
  Saint Roka (Elf:3)
  A curse toe (Zot:3)
  Nikola (Spider:2)
  2 caustic shrikes
  5 golden dragons
  A pandemonium lord (Depths:5)
  Arachne (Spider:2)
  A bone dragon (Zot:3)
  4 tentacled monstrosities
  5 liches
  An Orb Guardian (D:7)
  A titan (Depths:3)
  A quicksilver dragon (Depths:2)
  22 acid blobs
  2 deep elf master archers (Elf:3)
  2 deep elf blademasters (Elf:3)
  9 death cobs
  An Executioner (Zot:1)
  4 sphinxes
  Gastronok (Lair:1)
  Kirke (Lair:6)
  3 draconian monks
  7 shadow dragons
  2 thorn hunters
  8 storm dragons
  10 azure jellies
  4 nagarajas (Depths:1)
  6 tengu reavers
  A fire giant (shapeshifter) (Vaults:1)
  9 fire giants
  7 deep elf sorcerers
  7 vault wardens
  6 frost giants
  Aizul (Spider:4)
  6 ghost moths
  A draconian scorcher (Zot:5)
  An orc warlord (Orc:2)
  3 draconian shifters
  An iron dragon (Zot:3)
  2 draconian stormcallers
  A juggernaut zombie (Depths:2)
  8 emperor scorpions (Spider:4)
  2 draconian annihilators (Zot:5)
  4 deep elf elementalists
  13 ironheart preservers
  6 green draconians
  19 stone giants
  A vampire knight (Depths:5)
  An entropy weaver (Vaults:3)
  The ghost of Redaicoe the Brawler, a journeyman DrMo of Makhleb (D:15)
  24 very ugly things
  5 purple draconians
  5 black draconians
  A lorocyproca (Depths:3)
  3 white draconians
  7 deep elf demonologists
  12 spark wasps
  7 yellow draconians
  6 deep elf annihilators
  3 red draconians
  6 ettins
  8 deep elf death magi
  6 death oozes (Slime:5)
  A crystal guardian (Vaults:4)
  3 jiangshi (Depths:1)
  2 blizzard demons
  4 deep elf high priests (Elf:3)
  A green death (D:11)
  6 fire dragons
  3 vault guards (Vaults:2)
  6 great orbs of eyes
  2 naga warriors (Depths:1)
  15 ogre magi
  19 ice dragons
  9 yaktaur captains
  Fannar (Lair:3)
  17 hydras
  17 rakshasas
  2 monstrous demonspawn (D:3)
  2 spriggan air magi
  A caustic shrike simulacrum (D:15)
  2 shambling mangroves
  2 ghost crabs
  5 anacondas (Depths:1)
  10 centaur warriors
  31 two-headed ogres
  2 death knights (D:15)
  A merfolk avatar (Lair:6)
  5 alligators
  16 dancing weapons
  12 deep troll shamans
  A vampire mage (Depths:1)
  6 death yaks
  17 deep troll earth magi
  7 tengu warriors
  2 hell hogs (Depths:5)
  2 orc high priests (Orc:2)
  13 spriggan berserkers
  A sun demon (Depths:4)
  A soul eater (Depths:4)
  10 hell knights
  An iron troll (Depths:4)
  17 deep elf knights
  40 deep trolls
  2 sea snakes (Lair:6)
  10 skeletal warriors
  A shadow wraith (Vaults:1)
  A deep troll (shapeshifter) (Zot:3)
  2 sixfirhies
  9 wizards
  An unseen horror (D:11)
  A spark wasp zombie (Depths:1)
  7 swamp dragons (Swamp:4)
  4 spriggan druids
  5 glowing orange brains
  A shadow demon (D:13)
  3 flayed ghosts
  14 deep elf archers
  8 ironbrand convokers
  2 lindwurms (Depths:1)
  A shadow dragon zombie (Depths:2)
  4 phantasmal warriors
  8 necromancers
  21 wolf spiders
  5 orc sorcerers
  13 orc knights
  15 orb spiders
  A cyclops (shapeshifter) (Depths:2)
  A frost giant zombie (Depths:2)
  10 harpies
  3 manticores
  40 deep elf magi
  5 cyclopes
  A human zombie (Vaults:3)
  A salamander (Depths:1)
  A shadow dragon skeleton (Depths:1)
  56 ugly things
  11 elephants (Lair:6)
  14 moths of wrath
  2 stone giant skeletons
  2 shining eyes (Slime:4)
  A rust devil (Depths:3)
  2 eyes of devastation
  5 black mambas
  2 smoke demons
  A naga mage (Depths:1)
  A frost giant skeleton (Depths:1)
  5 guardian serpents (Depths:1)
  A guardian serpent (shapeshifter) (Vaults:3)
  3 ice statues (IceCv)
  12 vault sentinels
  A spriggan zombie (Depths:2)
  3 gargoyles
  6 torpor snails
  2 orange demons
  4 large abominations
  5 rime drakes
  19 cane toads
  An ice devil (Depths:4)
  A komodo dragon (shapeshifter) (Depths:3)
  40 yaktaurs
  15 demonic crawlers
  8 freezing wraiths
  4 tengu conjurers
  A spriggan skeleton (Depths:1)
  12 komodo dragons
  3 hellwings
  5 red devils
  12 trolls
  A polar bear (Vaults:2)
  A troll (shapeshifter) (Vaults:1)
  25 jumping spiders
  10 tyrant leeches
  A tengu simulacrum (Vaults:2)
  A wind drake (Lair:6)
  2 raiju (shapeshifter)
  Grinder (D:6)
  5 bog bodies
  25 hornets
  9 hippogriffs
  14 blink frogs
  An ettin zombie (Depths:1)
  108 slime creatures
  A deep troll skeleton (Depths:1)
  An ice dragon zombie (Depths:1)
  24 spriggans
  A ynoxinul (Depths:5)
  4 shadows
  A fire dragon skeleton (Depths:1)
  5 air elementals
  43 redbacks
  A tarantella (shapeshifter) (Elf:1)
  19 tarantellas
  An ettin skeleton (Vaults:3)
  Sigmund (D:3)
  30 yaks
  5 wyverns
  A hog (shapeshifter) (Vaults:1)
  A water elemental (Elf:1)
  3 wraiths
  4 fire elementals
  A golden eye (Slime:5)
  2 humans (Lair:6)
  Grum (D:9)
  2 neqoxecs
  A hog (Lair:6)
  A steam dragon (Lair:3)
  7 vampire mosquitoes
  A chaos spawn (Depths:3)
  3 wargs
  A yaktaur simulacrum (Vaults:2)
  A warg (shapeshifter) (Depths:3)
  10 swamp worms
  3 acid dragons
  A soldier ant (shapeshifter) (Depths:2)
  2 soldier ants (D:14)
  Edmund (D:6)
  12 nagas (Depths:1)
  A floating eye (Depths:3)
  7 hell hounds
  42 orc warriors
  13 porcupines
  18 water moccasins
  2 black bears
  A deep troll simulacrum (D:15)
  2 spriggan simulacra (Depths:1)
  13 swamp drakes
  9 ice beasts
  An ogre (shapeshifter) (Depths:4)
  34 ogres
  3 phantoms
  6 sky beasts
  14 boggarts
  6 eyes of draining
  11 crocodiles
  20 wolves
  33 centaurs
  A human skeleton (Vaults:3)
  5 big kobolds
  A wyvern zombie (D:13)
  19 bullfrogs
  A water moccasin zombie (D:9)
  2 earth elementals (Elf:1)
  3 scorpions
  17 wights
  9 killer bees
  A howler monkey (D:5)
  2 vampire bats (D:2)
  3 electric eels
  4 centaur zombies
  7 crimson imps
  3 bullfrog zombies
  A quasit (D:9)
  3 hounds
  4 jellies
  A bullfrog skeleton (D:5)
  22 orc priests
  2 iron imps (Depths:4)
  3 centaur skeletons
  5 iguanas
  28 orc wizards
  12 worker ants
  Natasha (thrice) (D:3)
  A hound skeleton (D:8)
  A howler monkey zombie (D:9)
  Robin (D:2)
  7 gnolls
  2 worker ant zombies
  18 adders
  2 shadow imps
  9 white imps
  2 ufetubi
  5 worms
  A dart slug (D:1)
  2 leopard geckos
  112 orcs
  3 bat skeletons (D:2)
  2 bat zombies (D:2)
  5 giant cockroaches
  16 goblins
  5 hobgoblins
  17 jackals
  5 quokkas
  A ball python (D:4)
  4 bats
  7 frilled lizards
  28 kobolds
  A leopard gecko skeleton (D:6)
  6 rats
2145 creatures vanquished.

Vanquished Creatures (others)
  A quicksilver dragon (Zot:1)
  A tengu reaver (Depths:4)
  A white draconian (Zot:3)
  A deep elf demonologist (Depths:4)
  A spark wasp (Depths:2)
  2 fire dragons
  An ice dragon (Lair:4)
  A dancing weapon (Elf:3)
  2 two-headed ogres
  A skeletal warrior (D:15)
  4 deep trolls
  A swamp dragon (Swamp:4)
  2 deep elf archers
  An orb spider (Spider:4)
  2 harpies
  5 deep elf magi
  A wolf spider (Spider:4)
  A necromancer (Depths:5)
  2 moths of wrath
  A black mamba (Depths:1)
  2 cane toads
  A yaktaur (Depths:5)
  A tyrant leech (Swamp:1)
  A bog body (Swamp:4)
  A hippogriff (Lair:6)
  2 redbacks (Vaults:3)
  2 yaks (Lair:2)
  A hell hound (Depths:5)
  An acid dragon (D:8)
  A fire dragon simulacrum (Depths:1)
  2 ogres
  A crocodile (Lair:5)
  2 centaurs
  A crimson imp (Depths:1)
  A centaur skeleton (D:4)
  An orc priest (D:12)
  A white imp (Depths:4)
  2 orcs
  3 kobolds
  27 fungi
  60 plants
146 creatures vanquished.

Grand Total: 2291 creatures vanquished

Notes
Turn   | Place    | Note
-------+----------+-------------------------------------------
     0 | D:1      | EnegeticOcto the Ogre Gladiator began the quest for the
                  | Orb.
     0 | D:1      | Reached XP level 1. HP: 22/22 MP: 1/1
   158 | D:1      | Reached skill level 3 in Fighting
   210 | D:1      | Reached skill level 3 in Maces & Flails
   210 | D:1      | Reached XP level 2. HP: 31/31 MP: 2/2
   987 | D:2      | Reached XP level 3. HP: 37/37 MP: 3/3
  1072 | D:2      | HP: 1/37 [gnoll/+0 halberd (2)]
  1302 | D:2      | Found a faded altar of an unknown god.
  1310 | D:2      | Became a worshipper of Ru the Awakened
  1321 | D:2      | Gained mutation: You are hated by all. [Ru sacrifice]
  1321 | D:2      | Reached * piety under Ru
  1444 | D:1      | Reached XP level 4. HP: 34/48 MP: 4/4
  1480 | D:2      | Reached skill level 4 in Fighting
  1503 | D:2      | Reached skill level 4 in Maces & Flails
  1620 | D:2      | Noticed Robin
  1663 | D:2      | Killed Robin
  1750 | D:2      | Found an ornate altar of the Wu Jian Council.
  1924 | D:2      | Reached XP level 5. HP: 54/55 MP: 5/5
  1938 | D:2      | Found an ancient bone altar of Kikubaaqudgha.
  2182 | D:3      | Reached skill level 5 in Maces & Flails
  2194 | D:3      | Noticed Natasha
  2200 | D:3      | Killed Natasha
  2200 | D:3      | Reached skill level 5 in Fighting
  2200 | D:3      | Reached XP level 6. HP: 56/66 MP: 6/6
  2221 | D:3      | Noticed Sigmund
  2714 | D:3      | Killed Sigmund
  2732 | D:3      | Found a runed translucent door.
  2733 | D:3      | Noticed Crazy Yiuf
  2928 | D:3      | Reached XP level 7. HP: 62/74 MP: 7/7
  3219 | D:3      | Noticed Natasha
  3227 | D:3      | Killed Natasha
  3227 | D:3      | Reached skill level 6 in Fighting
  3227 | D:3      | Reached skill level 6 in Maces & Flails
  3584 | D:3      | Noticed Natasha
  3589 | D:3      | Killed Natasha
  3731 | D:4      | Gained mutation: You are somewhat unskilled. (-1 Apt) [Ru
                  | sacrifice]
  3731 | D:4      | Reduced skill Fighting to level 5
  3731 | D:4      | Reduced skill Maces & Flails to level 5
  3731 | D:4      | Reduced skill Throwing to level 1
  3731 | D:4      | Reached ** piety under Ru
  3731 | D:4      | Reached *** piety under Ru
  4076 | D:4      | Reached skill level 1 in Shields
  4110 | D:4      | Reached skill level 6 in Maces & Flails
  4164 | D:4      | Reached skill level 6 in Fighting
  4212 | D:4      | You fall into a shaft and drop 2 floors!
  4221 | D:6      | Reached XP level 8. HP: 64/83 MP: 8/8
  4310 | D:6      | Reached skill level 2 in Shields
  4353 | D:6      | Noticed Grinder
  4363 | D:6      | Killed Grinder
  4399 | D:6      | Reached skill level 7 in Fighting
  4399 | D:6      | Reached skill level 7 in Maces & Flails
  4490 | D:6      | Noticed Edmund
  4503 | D:6      | Killed Edmund
  4503 | D:6      | Reached skill level 3 in Shields
  4526 | D:6      | Found a shimmering blue altar of Sif Muna.
  4550 | D:5      | Entered Level 5 of the Dungeon
  4816 | D:5      | Reached XP level 9. HP: 88/93 MP: 9/9
  5395 | D:5      | Gained mutation: You are slightly vulnerable to magic.
                  | (MR-) [Ru sacrifice]
  5395 | D:5      | Reached **** piety under Ru
  5711 | D:5      | Reached skill level 8 in Fighting
  5711 | D:5      | Reached skill level 8 in Maces & Flails
  6071 | D:6      | Found an opulent altar of Gozag.
  6074 | D:6      | Found a hazy altar of Hepliaklqana.
  6077 | D:6      | Found a shimmering altar of Xom.
  6115 | D:6      | Found a staircase to the Ecumenical Temple.
  6345 | D:7      | Reached skill level 4 in Shields
  7427 | D:8      | Gained mutation: You cannot train Armour skill. [Ru
                  | sacrifice]
  7427 | D:8      | Reached ***** piety under Ru
  7453 | D:8      | Got a transparent dagger
  7460 | D:8      | Identified the cursed +1 dagger of Sudden Death {flame,
                  | rPois Str+3 Stlth+} (You found it on level 8 of the
                  | Dungeon)
  7698 | D:8      | Found a staircase to the Lair.
  7789 | D:8      | Found a snail-covered altar of Cheibriados.
  8388 | D:9      | Reached XP level 10. HP: 106/106 MP: 10/10
  8398 | D:9      | Reached skill level 9 in Fighting
  8398 | D:9      | Reached skill level 9 in Maces & Flails
  8437 | D:9      | Found Ulacuv's Antique Weapon Shop.
  8462 | D:9      | Found a blossoming altar of Fedhas.
  8462 | D:9      | Found a hide-covered altar of Uskayaw.
  8480 | D:9      | Found Uqoeses's Distillery.
  8481 | D:9      | Found Uhin's Armour Shoppe.
  8516 | D:9      | Reached skill level 5 in Shields
  8581 | D:9      | Bought a potion of might for 64 gold pieces
  8757 | D:9      | Noticed Grum
  8922 | D:9      | Found Jotudaunn's Distillery.
  8926 | D:9      | Bought a potion of haste for 110 gold pieces
  9042 | D:9      | Found a white marble altar of Elyvilon.
  9043 | D:9      | Found Riadghui's Hallowed Reliquary.
  9045 | D:9      | Noticed an angel
  9051 | D:9      | Bought a scroll of holy word for 112 gold pieces
  9116 | D:9      | Killed Grum
  9208 | D:9      | Bought a glowing morningstar for 231 gold pieces
  9217 | D:10     | Entered Level 10 of the Dungeon
  9309 | D:10     | Gained mutation: You cannot study or cast Fire magic. [Ru
                  | sacrifice]
  9309 | D:10     | Gained mutation: You cannot study or cast Transmutations
                  | magic. [Ru sacrifice]
  9309 | D:10     | Gained mutation: You cannot study or cast Translocations
                  | magic. [Ru sacrifice]
  9309 | D:10     | Reached ****** piety under Ru
  9592 | D:10     | Reached skill level 10 in Fighting
  9592 | D:10     | Reached skill level 10 in Maces & Flails
  9829 | D:10     | Identified Mogecoar's Tome of Flames
 10264 | Lair:1   | Entered Level 1 of the Lair of Beasts
 10291 | Lair:1   | Reached skill level 6 in Shields
 10295 | Lair:1   | Noticed a cane toad
 10305 | Lair:1   | Noticed a cane toad
 10306 | Lair:1   | Killed a cane toad
 10306 | Lair:1   | Reached skill level 1 in Evocations
 10306 | Lair:1   | Reached XP level 11. HP: 87/117 MP: 11/11
 10587 | Lair:1   | Noticed Sonja
 10591 | Lair:1   | Reached skill level 2 in Evocations
 10601 | Lair:1   | Banished Sonja
 10834 | Lair:1   | Noticed Gastronok
 10880 | Lair:1   | Killed Gastronok
 10880 | Lair:1   | Reached skill level 11 in Maces & Flails
 10935 | Lair:1   | Reached skill level 3 in Evocations
 11164 | Lair:1   | Reached skill level 7 in Shields
 12027 | Lair:2   | Found a hole to the Spider Nest.
 12055 | Lair:2   | Reached XP level 12. HP: 95/126 MP: 12/12
 12166 | Lair:2   | Reached skill level 4 in Evocations
 12458 | Lair:2   | Reached skill level 12 in Maces & Flails
 12705 | Lair:3   | Noticed Fannar
 12853 | Lair:3   | Killed Fannar
 12959 | Lair:3   | Noticed a death yak
 12961 | Lair:3   | Noticed a death yak
 12963 | Lair:3   | Noticed a death yak
 12994 | Lair:3   | Killed a death yak
 12994 | Lair:3   | Killed a death yak
 12997 | Lair:3   | Killed a death yak
 13418 | Lair:4   | Found a staircase to the Swamp.
 13449 | Lair:4   | Reached skill level 8 in Shields
 13625 | Lair:4   | Noticed a four-headed hydra
 13634 | Lair:4   | Noticed a spriggan rider
 13776 | Lair:4   | Identified the +2 leather armour of Resir {rElec}
 13776 | Lair:4   | Noticed a spriggan rider
 13790 | Lair:4   | Reached skill level 5 in Evocations
 13918 | Lair:4   | Noticed a spriggan rider
 14025 | Lair:4   | Identified the cursed +0 war axe of the Demagogue {venom,
                  | Str+2 Int+3 Dex-2} (You found it on level 4 of the Lair of
                  | Beasts)
 14074 | Lair:4   | Noticed an ice dragon
 14101 | Lair:4   | Killed an ice dragon
 14101 | Lair:4   | Reached skill level 11 in Fighting
 14101 | Lair:4   | Reached XP level 13. HP: 102/137 MP: 13/13
 15074 | Lair:5   | Reached skill level 13 in Maces & Flails
 15793 | Lair:6   | Entered Level 6 of the Lair of Beasts
 16101 | Lair:6   | Reached skill level 9 in Shields
 16102 | Lair:6   | Reached skill level 6 in Evocations
 16113 | Lair:6   | Reached skill level 12 in Fighting
 16119 | Lair:6   | Noticed Kirke
 16126 | Lair:6   | Killed Kirke
 16126 | Lair:6   | Reached XP level 14. HP: 94/150 MP: 7/14
 16162 | Lair:6   | Reached skill level 14 in Maces & Flails
 16840 | Lair:6   | Reached skill level 13 in Fighting
 16850 | Lair:6   | Reached skill level 10 in Shields
 16889 | Lair:6   | Found a staircase to the Slime Pits.
 17000 | Lair:6   | Found the amulet of the Air {Inacc +Fly rElec EV+5 RMsl}
 18929 | D:12     | Found a frozen archway.
 18933 | D:12     | Identified a scroll of acquirement
 18960 | IceCv    | Entered an ice cave
 19194 | IceCv    | Identified the Handbook of Bewitching Evil
 19330 | D:12     | Reached skill level 14 in Fighting
 19664 | D:12     | Paralysed by an orc for 5 turns
 19852 | D:12     | Found a staircase to the Orcish Mines.
 19875 | Orc:1    | Entered Level 1 of the Orcish Mines
 19875 | Orc:1    | Found a roughly hewn altar of Beogh.
 20164 | Orc:2    | Entered Level 2 of the Orcish Mines
 20208 | Orc:2    | Found a roughly hewn altar of Beogh.
 20209 | Orc:2    | Found Ocewkapoa's Magic Scroll Emporium.
 20261 | Orc:2    | Reached skill level 11 in Shields
 20552 | Orc:2    | Found a roughly hewn altar of Beogh.
 20625 | Orc:2    | Found a staircase to the Elven Halls.
 20665 | Orc:2    | Found a roughly hewn altar of Beogh.
 21073 | Orc:2    | Noticed an orc warlord
 21092 | Orc:2    | Killed an orc warlord
 21092 | Orc:2    | Reached XP level 15. HP: 124/165 MP: 15/15
 21293 | Orc:2    | Found Cicvukag's Antique Armour Shop.
 21294 | Orc:2    | Found a roughly hewn altar of Beogh.
 21295 | Orc:2    | Found Hudoesan's Antique Weapon Boutique.
 21362 | Orc:2    | Found a roughly hewn altar of Beogh.
 21587 | Orc:2    | Found a roughly hewn altar of Beogh.
 21620 | Orc:2    | Found Hoapp's Antique Weapon Shop.
 21644 | Orc:2    | Bought the +10 morningstar "Eos" {elec, Halo rElec} for
                  | 1850 gold pieces
 21644 | Orc:2    | Found the +10 morningstar "Eos" {elec, Halo rElec}
 22031 | D:13     | Reached skill level 15 in Fighting
 22418 | D:13     | Found a gate to the Vaults.
 23172 | D:14     | Reached skill level 12 in Shields
 24832 | D:15     | Entered Level 15 of the Dungeon
 25482 | D:15     | Found a transporter.
 25500 | D:15     | Found a transporter.
 25500 | D:15     | Noticed Redaicoe's ghost (journeyman DrMo)
 25561 | D:15     | Reached skill level 15 in Maces & Flails
 25643 | D:15     | Reached XP level 16. HP: 120/176 MP: 16/16
 25788 | D:15     | Found a staircase to the Depths.
 26148 | D:15     | Killed Redaicoe's ghost
 26148 | D:15     | Reached skill level 13 in Shields
 26269 | D:15     | Identified the ring "Baunoq" {MP+9 Stlth+} (You found it on
                  | level 15 of the Dungeon)
 26474 | Swamp:1  | Entered Level 1 of the Swamp
 27200 | Swamp:1  | Noticed a thorn hunter
 27211 | Swamp:1  | Killed a thorn hunter
 27349 | Swamp:1  | Paralysed by a hornet for 3 turns
 29762 | Swamp:4  | Entered Level 4 of the Swamp
 29763 | Swamp:4  | Acquired 1300 gold pieces
 30038 | Swamp:4  | Reached skill level 16 in Maces & Flails
 30171 | Swamp:4  | Reached skill level 14 in Shields
 30218 | Swamp:4  | Noticed a thorn hunter
 30233 | Swamp:4  | Killed a thorn hunter
 30471 | Swamp:4  | Got a decaying rune of Zot
 30501 | Swamp:4  | Reached XP level 17. HP: 152/184 MP: 17/17
 31485 | Orc:2    | Bought a scroll of teleportation for 45 gold pieces
 31485 | Orc:2    | Bought a scroll of teleportation for 45 gold pieces
 31485 | Orc:2    | Bought a scroll of blinking for 112 gold pieces
 31485 | Orc:2    | Bought a scroll of fog for 30 gold pieces
 31529 | Orc:2    | Bought a brightly glowing flail for 212 gold pieces
 31529 | Orc:2    | Identified the cursed +3 flail "Poasizagg" {venom, +Rage
                  | Str+3 Stlth-} (You bought it in a shop on level 2 of the
                  | Orcish Mines)
 31645 | D:9      | Bought 2 silver javelins for 72 gold pieces
 31645 | D:9      | Bought 4 silver javelins for 144 gold pieces
 31645 | D:9      | Bought 5 silver javelins for 180 gold pieces
 31645 | D:9      | Bought a potion of heal wounds for 75 gold pieces
 31645 | D:9      | Bought a scroll of holy word for 112 gold pieces
 31645 | D:9      | Bought 2 potions of curing for 90 gold pieces
 31645 | D:9      | Bought a scroll of holy word for 112 gold pieces
 31645 | D:9      | Bought a scroll of holy word for 112 gold pieces
 31645 | D:9      | Bought 2 potions of curing for 90 gold pieces
 31711 | Spider:1 | Entered Level 1 of the Spider Nest
 31827 | Spider:1 | Found a runed translucent door.
 31828 | Spider:1 | Found a shimmering altar of Xom.
 31828 | Spider:1 | Noticed Asoiz's ghost (adept TeMo)
 31830 | Spider:1 | Identified the +5 great mace "Eseeqil" {chaos, Int+5
                  | Stlth+}
 31865 | Spider:1 | Reached skill level 2 in Throwing
 31930 | Spider:1 | Reached skill level 15 in Shields
 32188 | Spider:1 | Reached skill level 3 in Dodging
 32821 | Spider:2 | Reached skill level 3 in Throwing
 33118 | Spider:2 | Noticed Nikola
 33131 | Spider:2 | Killed Nikola
 33134 | Spider:2 | Noticed Arachne
 33150 | Spider:2 | Killed Arachne
 33150 | Spider:2 | Reached skill level 4 in Dodging
 33629 | Spider:2 | Reached skill level 4 in Throwing
 35103 | Spider:4 | Entered Level 4 of the Spider Nest
 35242 | Spider:4 | Reached skill level 7 in Evocations
 35536 | Spider:4 | Reached skill level 5 in Throwing
 35536 | Spider:4 | Reached skill level 5 in Dodging
 35697 | Spider:4 | Noticed Aizul
 35699 | Spider:4 | Reached XP level 18. HP: 196/196 MP: 18/18
 35703 | Spider:4 | Killed Aizul
 35711 | Spider:4 | Reached skill level 16 in Fighting
 36563 | Spider:4 | Reached skill level 6 in Throwing
 36950 | Spider:4 | Got a gossamer rune of Zot
 37750 | Elf:1    | Entered Level 1 of the Elven Halls
 37778 | Elf:1    | Reached skill level 6 in Dodging
 38045 | Elf:1    | Reached skill level 8 in Evocations
 39108 | Elf:2    | Reached skill level 7 in Throwing
 39343 | Elf:2    | Found a large runed translucent door.
 39343 | Elf:2    | Found a large runed translucent door.
 39398 | Elf:2    | Found a large runed translucent door.
 39398 | Elf:2    | Found a large runed translucent door.
 39603 | Elf:2    | Reached skill level 17 in Fighting
 39603 | Elf:2    | Reached skill level 7 in Dodging
 39970 | Elf:3    | Entered Level 3 of the Elven Halls
 40107 | Elf:3    | Noticed a deep elf blademaster
 40134 | Elf:3    | Reached XP level 19. HP: 199/209 MP: 19/19
 40383 | Elf:3    | Noticed Mara
 40399 | Elf:3    | Noticed EnegeticOcto's illusion
 40400 | Elf:3    | Identified the ring "Geicw" {Ice Str+3}
 40409 | Elf:3    | Killed Mara
 40409 | Elf:3    | Reached skill level 8 in Throwing
 40413 | Elf:3    | Reached skill level 9 in Evocations
 40482 | Elf:3    | Identified the +7 mace "Goghu" {freeze, rF- MP+9 Str+5
                  | Dex+4}
 40484 | Elf:3    | Identified the cursed +1 battleaxe "Hulk" {vorpal, rF+ rC+
                  | Stlth+}
 40487 | Elf:3    | Reached skill level 8 in Dodging
 40728 | Elf:3    | Noticed Saint Roka
 40767 | Elf:3    | Killed Saint Roka
 41032 | Elf:3    | Found Xuipo's Antique Weapon Shop.
 41266 | Elf:3    | Reached skill level 9 in Throwing
 41723 | Elf:3    | Identified the cursed +2 triple crossbow "Roedyo" {speed,
                  | +Fly} (You found it on level 3 of the Elven Halls)
 41890 | Vaults:1 | Entered Level 1 of the Vaults
 42012 | Vaults:1 | Reached skill level 18 in Fighting
 42268 | Vaults:1 | Reached XP level 20. HP: 203/221 MP: 20/20
 42324 | Vaults:1 | Reached skill level 9 in Dodging
 42567 | Vaults:1 | Reached skill level 10 in Evocations
 42761 | Vaults:1 | Found Qywnim's Antique Weapon Boutique.
 43441 | Vaults:1 | Reached skill level 10 in Throwing
 44442 | Vaults:2 | Paralysed by a wizard for 7 turns
 44688 | Vaults:2 | Reached skill level 10 in Dodging
 44719 | Vaults:2 | Reached skill level 19 in Fighting
 45211 | Vaults:3 | Reached XP level 21. HP: 190/234 MP: 21/21
 45541 | Vaults:3 | Reached skill level 11 in Throwing
 45587 | Vaults:3 | Reached skill level 11 in Evocations
 46671 | Vaults:3 | You fall into a shaft and drop 1 floor!
 47921 | Vaults:3 | Reached skill level 20 in Fighting
 47921 | Vaults:3 | Reached skill level 12 in Throwing
 48427 | Vaults:3 | Found a staircase to the Crypt.
 48427 | Vaults:3 | Found an ancient bone altar of Kikubaaqudgha.
 48428 | Vaults:3 | Found a basalt altar of Yredelemnul.
 49193 | Depths:1 | Entered Level 1 of the Depths
 49913 | Depths:1 | Reached skill level 12 in Evocations
 49922 | Depths:1 | Reached XP level 22. HP: 202/249 MP: 22/22
 50277 | Depths:1 | Found a gateway to Hell.
 50296 | Depths:1 | Reached skill level 13 in Throwing
 50614 | Depths:1 | Reached skill level 21 in Fighting
 50755 | Depths:1 | Found Nubius's Gadget Boutique.
 50760 | Depths:1 | Bought a wand of acid (6) for 420 gold pieces
 51263 | Depths:1 | Identified the cursed +0 cloak of the Lair of Beasts {rPois
                  | Int+2} (You found it on level 1 of the Depths)
 51748 | Depths:1 | Identified the Almanac of Icy Toxins
 52314 | Depths:2 | Found Quys's Jewellery Boutique.
 52315 | Depths:2 | Found Wajugoja's Gadget Emporium.
 52315 | Depths:2 | Found Mafetook's Gadget Emporium.
 52323 | Depths:2 | Bought the amulet "Acwuqu" {Spirit +Blink MR+} for 644 gold
                  | pieces
 52339 | Depths:2 | Bought a wand of digging (3) for 238 gold pieces
 52343 | Depths:2 | Bought a wand of paralysis (9) for 165 gold pieces
 52343 | Depths:2 | Bought a wand of acid (5) for 270 gold pieces
 52347 | Depths:2 | Bought a wand of iceblast (5) for 153 gold pieces
 52389 | Depths:2 | Found a gateway to a ziggurat.
 52612 | Depths:2 | Noticed a caustic shrike
 52617 | Depths:2 | Killed a caustic shrike
 52728 | Depths:2 | Reached skill level 14 in Throwing
 53691 | Depths:3 | Found a one-way gate to the infinite horrors of the Abyss.
 53760 | Depths:3 | Reached skill level 22 in Fighting
 54077 | Depths:3 | Reached XP level 23. HP: 263/263 MP: 23/23
 54730 | Depths:3 | Noticed an ancient lich
 54734 | Depths:3 | Noticed an ancient lich
 54746 | Depths:3 | Reached skill level 15 in Throwing
 54747 | Depths:3 | Killed an ancient lich
 54821 | Depths:3 | Found a snail-covered altar of Cheibriados.
 55636 | Depths:3 | Reached skill level 23 in Fighting
 55918 | Depths:3 | Found a one-way gate leading to the halls of Pandemonium.
 56883 | Depths:4 | Reached skill level 16 in Throwing
 57542 | Depths:4 | Noticed a juggernaut
 57552 | Depths:4 | Killed a juggernaut
 57552 | Depths:4 | Reached XP level 24. HP: 280/280 MP: 23/23
 57671 | Depths:4 | Noticed a caustic shrike
 57682 | Depths:4 | Killed a caustic shrike
 57890 | Depths:4 | Reached skill level 24 in Fighting
 58556 | Depths:5 | Entered Level 5 of the Depths
 58679 | Depths:5 | Reached skill level 17 in Throwing
 58680 | Depths:5 | Noticed a juggernaut
 58694 | Depths:5 | Killed a juggernaut
 59454 | Depths:5 | Found a gate to the Realm of Zot.
 59780 | Depths:5 | Paralysed by a vampire knight for 4 turns
 60717 | Slime:1  | Entered Level 1 of the Pits of Slime
 60735 | Slime:1  | Reached skill level 25 in Fighting
 61259 | Slime:3  | Reached XP level 25. HP: 290/295 MP: 23/23
 61465 | Slime:5  | Entered Level 5 of the Pits of Slime
 61489 | Slime:4  | Reached skill level 18 in Throwing
 61787 | Slime:5  | Noticed the Royal Jelly
 61952 | Slime:4  | Gained mutation: You tend to lose your temper in combat. [a
                  | shining eye]
 62045 | Slime:4  | Lost mutation: You tend to lose your temper in combat.
                  | [potion of mutation]
 62045 | Slime:4  | Gained mutation: Your muscles are strong. (Str +2) [potion
                  | of mutation]
 62045 | Slime:4  | Gained mutation: You are robust. (+10% HP) [potion of
                  | mutation]
 62365 | Slime:5  | Paralysed by a great orb of eyes for 6 turns
 62710 | Slime:5  | Found a viscous altar of Jiyva.
 62713 | Slime:5  | Found the +9 staff of Wucad Mu {channel}
 62792 | Slime:5  | Killed the Royal Jelly
 62853 | Slime:5  | Got a slimy rune of Zot
 62882 | Slime:5  | Identified the Disquisition on Quantum Earth
 62899 | Slime:5  | Identified the ring of New Discoveries {+Blink +Inv rC+
                  | Dex-4 SInv} (You found it on level 5 of the Pits of Slime)
 62909 | Slime:5  | Identified the Grimoire of Floating Curses
 63476 | Zot:1    | Entered Level 1 of the Realm of Zot
 64552 | Zot:3    | Noticed an orb of fire
 64563 | Zot:3    | Reached skill level 13 in Evocations
 64566 | Zot:3    | Killed an orb of fire
 64566 | Zot:3    | Reached skill level 26 in Fighting
 64574 | Zot:3    | Noticed an orb of fire
 64589 | Zot:3    | Reached XP level 26. HP: 223/339 MP: 7/23
 64592 | Zot:3    | Reached skill level 19 in Throwing
 64601 | Zot:3    | Killed an orb of fire
 64988 | Zot:3    | Got a vibrating sapphire amulet
 65188 | Zot:3    | Identified the amulet of Roteahol {Reflect rPois Dex+2
                  | SH+5} (You found it on level 3 of the Realm of Zot)
 66759 | Zot:5    | Entered Level 5 of the Realm of Zot
 67752 | Zot:5    | Noticed an ancient lich
 67754 | Zot:5    | Noticed a Killer Klown
 67754 | Zot:5    | Noticed a Killer Klown
 67754 | Zot:5    | Noticed an ancient lich
 67755 | Zot:5    | Noticed an orb of fire
 67755 | Zot:5    | Noticed an orb of fire
 67755 | Zot:5    | Noticed an ancient lich
 67759 | Zot:5    | Got the Orb of Zot
 67847 | Zot:3    | Noticed a seraph
 67853 | Zot:3    | Noticed Xupopnant the pandemonium lord
 67941 | Depths:5 | Noticed Anarir the pandemonium lord
 67954 | Depths:5 | Killed Anarir the pandemonium lord
 68198 | D:11     | Reached skill level 14 in Evocations
 68479 | D:$      | Escaped with the Orb!

Illustrated notes

Levels and vault maps discovered:
D:1:      dpeg_arrival_arbitrary_a, layout_basic
D:2:      layout_loops_cross, marbit_many_paths, kennysheep_vampire_church,
          chequers_ecumenical_altar_simple, uniq_robin
D:3:      layout_basic, uniq_crazy_yiuf_cottage, uniq_sigmund, uniq_natasha
D:4:      layout_cave_pods
D:5:      layout_loops_ring
D:6:      layout_rooms, led_sif_pool, grunt_temple_overflow_diamond,
          minmay_temple_entry_butterflies, uniq_edmund, uniq_grinder
D:7:      layout_basic, minmay_holes
D:8:      layout_basic, cheibriados_altar_1, lair_entry_dummy, serial_curves,
          eino_curves_04, eino_curves_02
D:9:      layout_basic, gammafunk_temple_overflow_wave, serial_shops, shop,
          shop, shop, shop, nicolae_good_shop, uniq_grum
D:10:     layout_gridville, mrwooster_statue_mirror, nicolae_wand_duel
D:11:     layout_basic
D:12:     layout_basic, hiddenorc1_lemuel, portal_ice_cave_entry_pillars_1
D:13:     layout_long_grid, david_vaults_2
D:14:     layout_stronghold, minmay_checkerbox
D:15:     grunt_enter_depths_hoard, layout_loops_ring,
          gammafunk_ghost_mausoleum, serial_bayou_crossing
Lair:1:   layout_gridlike, grunt_megastairs_1, serial_bayou_shore_a,
          lemuel_fruit_tree, uniq_sonja, uniq_gastronok
Lair:2:   layout_concentric_octagons, spider_nest_entry_a,
          infiniplex_staircase_pool
Lair:3:   layout_hall_layers, uniq_fannar
Lair:4:   kb_forest_paths, layout_big_grid, minmay_swamp_entry_reptiles,
          bobbens_ice_dragon_lair
Lair:5:   layout_gridlike, minmay_lair_oklob_chamber
Lair:6:   gammafunk_lair_ancient_temple, layout_gridlike,
          minmay_slime_entry_eyes, uniq_kirke
Swamp:1:  layout_falls_marsh, nicolae_swamp_dense_foliage, swamp_pool2,
          hangedman_swamp_blocks
Swamp:2:  layout_basic_swamp, hangedman_swamp_lotus, swamp_pool5
Swamp:3:  layout_falls_marsh, evilmike_swamp_ruin_rubble_2
Swamp:4:  swamp_alternative, layout_basic_swamp
Spider:1: layout_spider_delve, ebering_ghost_xom, drop_trap,
          hangedman_spider_mandibles
Spider:2: layout_spider_delve, uniq_arachne, uniq_nikola
Spider:3: layout_spider_delve
Spider:4: grunt_spider_rune_circles, uniq_aizul
Slime:1:  layout_caves, nicolae_slime_phagocytosis
Slime:2:  layout_caves, nicolae_slime_barrier,
          cheibrodos_slime_lost_civilization_6, uniq_dissolution
Slime:3:  layout_caves
Slime:4:  layout_caves
Slime:5
Orc:1:    layout_caves, basic_altar
Orc:2:    grunt_orc_community_town_hall, layout_diamond_mine,
          grunt_orc_community_big_house_1, grunt_orc_community_big_house_2,
          grunt_orc_community_house_2, grunt_orc_community_house_3,
          grunt_orc_community_house_1, grunt_orc_community_house_3,
          nicolae_orc_sculptors_studio
Elf:1:    minmay_elf_arrival_circle, layout_gridlike, minivault_28
Elf:2:    layout_onion_city, grunt_megastairs_4
Elf:3:    grunt_elf_hall_diamonds, layout_geoelf_octagon, serial_shops, shop,
          uniq_mara, uniq_saint_roka
Vaults:1: vaults_room_fancy_cross, hangedman_vaults_hard_town_square,
          hangedman_vaults_impose, vaults_room_fours, nicolae_vaults_network_s,
          ontoclasm_vaults_pinch, v_alt_pattern_5, hangedman_vaults_hat,
          vaults_dpeg_cross, nicolae_vaults_shelves_hall,
          nicolae_vaults_border_crossing, nicolae_vaults_diagonal_hallway_6,
          ontoclasm_vaults_shuriken, v_alt_pattern_1, hangedman_vaults_trim,
          v_misc_14, layout_vaults_maze_bifur, serial_shops,
          nicolae_shop_temple_entry_statues_fountains
Vaults:2: nicolae_vaults_an_arrangement, grunt_vaults_focal,
          hangedman_vaults_river_flow, v_rooms_5,
          ontoclasm_vaults_decontamination, v_misc_33, v_pattern_3,
          serial_ice_g, nicolae_vaults_little_squares_1, vaults_room_octagon,
          vaults_dpeg_encased_lava, layout_vaults_omnibox
Vaults:3: hangedman_vaults_restitches, minmay_crypt_entry_necro_gods,
          nicolae_vaults_asterisk, vaults_room_boxed, v_pattern_4,
          nicolae_vaults_network_quincunx
          [nicolae_vaults_network_quincunx_subvault,
          nicolae_vaults_network_quincunx_subvault,
          nicolae_vaults_network_quincunx_subvault,
          nicolae_vaults_network_quincunx_subvault,
          nicolae_vaults_network_quincunx_subvault],
          nicolae_vaults_fighting_squares, nicolae_vaults_diagonal_hallway_8,
          nicolae_vaults_gold_heap, hangedman_vaults_impose,
          nicolae_vaults_three_branches, ontoclasm_vaults_gateway,
          layout_vaults_chaotic_city
Vaults:4: vaults_room_pools, nicolae_vaults_know_your_exits,
          nicolae_vaults_alarming, serial_ice_g, layout_vaults_omnigrid
Depths:1: layout_big_octagon, minmay_misc_feat_hallway, hellmouth_3,
          serial_shops, kennysheep_little_box, kennysheep_doodads,
          ebering_dispersal_statue_hall, st_stairs_6, minmay_serpent_palace
Depths:2: cell_vault, layout_basic, enter_ziggurat_e, hell_entry,
          minmay_misc_feat_five, infiniplex_staircase_pillars_2,
          minmay_shop_grove
Depths:3: pf_snail_temple, layout_basic, hell_entry, rand_demon_pan_entry_1,
          abyss_entry, corexii_corridor_pit
Depths:4: minmay_containers, layout_gridlike, hell_entry, abyss_entry,
          grunt_pan_entry_sceptre, hangedman_decor_clover_reticule,
          infiniplex_staircase_door_maze
Depths:5: grunt_x_marks_the_spot, layout_basic, abyss_entry,
          chequers_serial_rivers_micro_c, grunt_hell_horde
Zot:1:    layout_misc_corridors
Zot:2:    layout_misc_corridors, chequers_guarded_unrand_mask_of_the_dragon
Zot:3:    hangedman_zot_vaults_quadrants, layout_concentric_octagons
Zot:4:    gammafunk_sealed_arena, layout_onion
Zot:5:    layout_onion

Skill      XL: |  1  2  3  4  5  6  7  8  9 10 11 12 13 14 15 16 17 18 19 20 21 22 23 24 25 26 |
---------------+-------------------------------------------------------------------------------+-----
Fighting       | 3 4 5 6 7 8 10 11 12 14 15 17 18 19 20 22 23 25 26 | 26.8
Maces & Flails | 3 4 5 6 7 8 10 11 12 13 14 15 16 | 16.0
Throwing       | 1 5 7 9 10 12 14 16 17 18 19 | 19.5
Shields        | 1 3 4 6 7 8 9 11 12 14 15 | 15.0
Evocations     | 1 3 5 6 7 8 9 10 12 13 14 | 14.0
Dodging        | 5 7 8 10 | 10.0

Action                   |  1- 3 |  4- 6 |  7- 9 | 10-12 | 13-15 | 16-18 | 19-21 | 22-24 | 25-27 || total
-------------------------+-------+-------+-------+-------+-------+-------+-------+-------+-------++-------
Melee: Flail             |   126 |   173 |   484 |   750 |  1239 |       |       |       |       ||  2772
       Morningstar       |       |       |       |       |   394 |  1302 |  1486 |  1274 |   456 ||  4912
Throw: Throwing net      |     1 |     3 |       |       |       |       |       |       |     3 ||     7
       Dart              |       |       |     6 |    25 |       |       |       |       |       ||    31
       Boomerang         |       |       |    17 |     6 |    18 |   101 |     8 |    64 |    81 ||   295
       Large rock        |       |       |       |       |       |       |       |   139 |    93 ||   232
       Javelin           |       |       |       |       |       |       |       |       |     7 ||     7
Invok: Sacrifice Love    |     1 |       |       |       |       |       |       |       |       ||     1
       Draw Out Power    |       |       |     2 |     2 |     5 |     6 |    10 |     5 |     2 ||    32
       Sacrifice Skill   |       |       |     1 |       |       |       |       |       |       ||     1
       Sacrifice Essence |       |       |     1 |       |       |       |       |       |       ||     1
       Sacrifice Durabil |       |       |     1 |       |       |       |       |       |       ||     1
       Sacrifice Arcana  |       |       |       |     1 |       |       |       |       |       ||     1
       Apocalypse        |       |       |       |     2 |     1 |     1 |     1 |     3 |     4 ||    12
       Power Leap        |       |       |       |     3 |     3 |     3 |       |     1 |       ||    10
Evoke: Wand              |       |       |     2 |     8 |    12 |    17 |    15 |     5 |    18 ||    77
       Condenser vane    |       |       |       |     3 |     6 |     6 |     8 |    13 |     5 ||    41
       Lightning rod     |       |       |       |       |     9 |     1 |     3 |     7 |     7 ||    27
       Tin of tremorston |       |       |       |       |     4 |    10 |    13 |    15 |     7 ||    49
       Phial of floods   |       |       |       |       |       |     1 |       |       |       ||     1
  Use: Scroll            |       |     8 |    13 |    13 |     9 |    10 |     5 |     3 |    25 ||    86
       Potion            |       |       |       |       |     2 |     5 |     7 |     1 |     5 ||    20
 Stab: Sleeping          |     1 |       |     1 |       |       |       |       |       |       ||     2
       Held in net/web   |       |     1 |       |       |       |       |       |       |     1 ||     2
       Invisible         |       |       |     2 |     7 |     9 |    12 |    14 |     5 |    12 ||    61
       Paralysed         |       |       |     5 |     7 |     7 |     6 |     4 |     7 |     9 ||    45
       Distracted        |       |       |       |     4 |     7 |     3 |     5 |     9 |     1 ||    29
       Confused          |       |       |       |       |     1 |     2 |       |     1 |       ||     4
Armor: Robe              |    53 |    32 |       |       |       |       |       |       |       ||    85
       Animal skin       |       |    47 |   130 |       |       |       |       |       |       ||   177
       Acid dragon scale |       |       |    21 |   267 |       |       |       |       |       ||   288
       Ice dragon scales |       |       |       |       |   379 |   274 |   188 |   205 |    38 ||  1084
       Skin              |       |       |       |       |       |    10 |       |       |       ||    10
       Gold dragon scale |       |       |       |       |       |       |       |       |   124 ||   124
       Quicksilver drago |       |       |       |       |       |       |       |       |     2 ||     2
Dodge: Dodged            |    83 |   114 |   134 |   197 |   301 |   354 |   393 |   345 |    91 ||  2012
       Repelled          |       |       |       |       |     2 |    12 |    11 |     4 |       ||    29
Block: Kite shield       |       |       |   203 |   307 |       |       |       |       |       ||   510
       Tower shield      |       |       |       |   162 |  1098 |   976 |  1142 |  1032 |   458 ||  4868

Table legend: (Time is in decaauts)
 A = Elapsed time spent in this place.
 B = Non-inter-level travel time spent in this place.
 C = Inter-level travel time spent in this place.
 D = Time resting spent in this place.
 E = Time spent auto-exploring this place.
 F = Levels seen in this place.
 G = Mean time per level.
                   A        B        C        D        E       F      G
               +--------+--------+--------+--------+--------+-----+--------+
         Total |  67513 |  62343 |   5170 |   4106 |  45477 |  54 | 1250.2 |
       Dungeon |  19159 |  16760 |   2399 |    661 |  12457 |  15 | 1277.3 |
          Lair |   7655 |   6835 |    820 |    166 |   5236 |   6 | 1275.8 |
         Swamp |   4977 |   4857 |    120 |    406 |   3639 |   4 | 1244.2 |
   Spider Nest |   5259 |   4962 |    297 |      0 |   4193 |   4 | 1314.8 |
    Slime Pits |   2224 |   2152 |     72 |   1476 |     33 |   5 |  444.8 |
  Orcish Mines |   2231 |   1943 |    288 |    162 |   1241 |   2 | 1115.5 |
   Elven Halls |   3937 |   3715 |    222 |    350 |   2584 |   3 | 1312.3 |
        Vaults |   6938 |   6761 |    177 |      8 |   5312 |   4 | 1734.5 |
        Depths |  10443 |   9847 |    596 |    266 |   7699 |   5 | 2088.6 |
           Zot |   4424 |   4248 |    176 |    538 |   3080 |   5 |  884.8 |
      Ice Cave |    260 |    260 |      0 |     69 |      0 |   1 |  260.0 |
               +--------+--------+--------+--------+--------+-----+--------+

Top non-repeatable levels by time:
Vaults:3: 2698 daAuts
Depths:3: 2632 daAuts
    D:15: 2331 daAuts
Depths:4: 2248 daAuts
Depths:2: 1876 daAuts
Spider:4: 1860 daAuts
Depths:1: 1852 daAuts
    D:14: 1849 daAuts
Depths:5: 1834 daAuts
   Zot:3: 1831 daAuts
   Elf:3: 1744 daAuts
Vaults:1: 1740 daAuts
   Orc:2: 1709 daAuts
  Lair:4: 1692 daAuts
  Lair:6: 1666 daAuts
